AoeStats
← Adivian

Arabia

510324811Analyzed
1v1 RM · 3d ago on Sep 30, 2026· 68m 7s· 2 players
Game mode
Random Map
Map size
Tiny (2 player)
Population
200
Speed
Normal
Resources
Standard
Victory
Conquest
Starting age
Dark Age
Ending age
Imperial Age
RankedLock teamsTeams togetherTeam positionsShared explorationLock speedFull tech treeHidden civsTurbo modeCheats
Victory
Defeat
🇻🇳 Mongols · Vietnam
810
+15
🇬🇧 Vikings · United Kingdom
778
-35
Adivian
3:29 Loom
11:37 Feudal Age
13:43 Horse Collar
15:20 Town Watch
15:44 Double-Bit Axe
20:56 Castle Age
30:38 Ballistics
31:39 Fletching
31:49 Padded Archer Armor
33:39 Bow Saw
34:23 Gold Mining
34:24 Stone Mining
34:07 Elite Skirmisher
39:09 Imperial Age
39:08 Bodkin Arrow
39:29 Leather Archer Armor
41:03 Chemistry
42:13 Heavy Plow
43:29 Conscription
45:40 Bracer
46:11 Ring Archer Armor
48:38 Forging
48:33 Scale Barding Armor
49:59 Iron Casting
48:50 Cavalier
52:25 Chain Barding Armor
54:58 Two-Man Saw
61:45 Blast Furnace
60:45 Scale Mail Armor
60:09 Pikeman
61:06 Chieftains
62:23 Treadmill Crane
dinhdoan1986
10:22 Feudal Age
8:37 Loom
16:18 Double-Bit Axe
16:16 Horse Collar
20:48 Castle Age
21:10 Fletching
21:20 Padded Archer Armor
21:35 Bloodlines
22:10 Wheelbarrow
21:46 Thumb Ring
23:23 Gold Mining
24:22 Bodkin Arrow
24:34 Husbandry
27:33 Bow Saw
29:32 Gold Shaft Mining
28:47 Stone Mining
30:15 Hand Cart
30:10 Town Watch
31:23 Ballistics
35:55 Imperial Age
34:53 Stone Shaft Mining
35:17 Leather Archer Armor
35:12 Town Patrol
37:45 Chemistry
37:26 Parthian Tactics
37:25 Heavy Plow
38:25 Bracer
39:10 Light Cavalry
42:42 Drill
42:27 Nomads
43:50 Scale Barding Armor
43:55 Forging
44:50 Hoardings
44:27 Elite Mangudai
47:06 Hussar
54:16 Chain Barding Armor
54:31 Iron Casting
59:03 Blast Furnace
Connection lost

Rejoining the realm…

Still unreachable

The connection could not be restored.

Session expired

The server has moved on; the page needs a fresh start.